 Dungeon Crawl Stone Soup version 0.28-a0-514-g0d7ab7f379 (webtiles) character file.

Game seed: 8350288851595965096

3443 robertstho the Cleaver (level 9, 0/82 HPs)
             Began as a White Draconian Berserker on Sept 22, 2021.
             Was an Elder of Trog.
             Slain by a gnoll (8 damage)
             ... on level 9 of the Dungeon.
             The game lasted 00:08:59 (7223 turns).

robertstho the Cleaver (White Draconian Berserker)  Turns: 7223, Time: 00:09:00

Health: 0/82       AC: 11    Str: 22    XL:     9   Next: 77%
Magic:  9/9        EV: 11    Int:  8    God:    Trog [****..]
Gold:   378        SH:  0    Dex: 11    Spells: 8/8 levels left

rFire   . . .      SeeInvis +   a - +0 hand axe
rCold   + . .      Faith    .   A - +0 kite shield
rNeg    . . .      Spirit   .   (armour unavailable)
rPois   .          Reflect  .   b - +1 hat
rElec   .          Harm     .   (no cloak)
rCorr   .          Rampage  .   i - +2 pair of gloves
Will    .....                   (no boots)
Stlth   +.........              h - amulet of regeneration
HPRegen 1.23/turn               t - ring of see invisible
MPRegen 0.11/turn               (no ring)

@: confused, on berserk cooldown, slowed, very slow
A: breathe frost, AC +7, unfitting armour, cold resistance 1, cold-blooded
a: Breathe Frost, Renounce Religion, Berserk, Trog's Hand, Brothers in Arms


You were on level 9 of the Dungeon.
You worshipped Trog.
Trog was greatly pleased with you.
You visited 1 branch of the dungeon, and saw 9 of its levels.

You collected 378 gold pieces.

Inventory:

Hand Weapons
 a - a +0 hand axe (weapon)
Missiles
 c - 3 throwing nets (quivered)
Armour
 b - a +1 hat (worn)
 i - a +2 pair of gloves (worn)
 A - a +0 kite shield (worn)
Jewellery
 h - an amulet of regeneration (around neck)
 t - a ring of see invisible (left hand)
Wands
 p - a wand of iceblast (10)
 u - a wand of charming (6)
 v - a wand of mindburst (19)
 y - a wand of polymorph (7)
Scrolls
 e - a scroll of enchant weapon {unknown}
 f - 2 scrolls of holy word
 j - 5 scrolls of teleportation
 m - a scroll of immolation {unknown}
 o - a scroll of vulnerability {unknown}
 q - 2 scrolls of blinking {unknown}
 s - 2 scrolls of enchant armour {unknown}
 w - 2 scrolls of identify
 x - a scroll of amnesia {unknown}
Potions
 d - 2 potions of flight
 g - a potion of lignification
 k - 3 potions of heal wounds {unknown}
 l - a potion of experience {unknown}
 n - a potion of invisibility {unknown}
 r - a potion of curing {unknown}
 z - a potion of attraction {unknown}


   Skills:
 * Level 8.6 Fighting
 + Level 9.0 Axes
 * Level 7.9 Dodging
 + Level 2.2 Stealth


You had 8 spell levels left.
You didn't know any spells.
Your spell library was empty.

Dungeon Overview and Level Annotations

Branches:
Dungeon (9/15)             Temple (0/1) D:7
   Lair: D:8-11         Orc: D:9-12

Altars:
Gozag

Annotations:
D:4 3 runed translucent doors, SirDiesAlot's ghost, weakling MiDe; pokeman's ghost, amateur DEWz
D:7 3 runed translucent doors, Spaninq's ghost, novice FeTm


Innate Abilities, Weirdness & Mutations

You can breathe waves of freezing cold which knock back foes.
Your icy white scales are hard. (AC +7)
You cannot fit into any form of body armour.
Your flesh is cold resistant. (rC+)
You are cold-blooded and may be slowed by cold attacks.


Message History

The gnoll sergeant hits you with a +0 spear.
The vampire barely misses you.
The vampire bites you but does no damage.
You block the gnoll sergeant's attack.
The vampire gestures at you while chanting.
You resist with some effort.
The gnoll hits you from afar with a +0 halberd.
The gnoll sergeant hits you but does no damage. x2
Things that are here:
a +0 battleaxe; a +0 plate armour
There is a stone staircase leading up here.
The gnoll sergeant hits you but does no damage.
The vampire points at you and mumbles some strange words.
You are confused.
The gnoll hits you from afar with a +0 halberd!
The gnoll sergeant closely misses you.
The vampire hits you but does no damage.
The vampire closely misses you. The gnoll completely misses you.
In your confused state, you trip and fall back down the stairs.
The gnoll closely misses you. The gnoll sergeant closely misses you.
The vampire hits you. The vampire barely misses you.
The gnoll closely misses you. The gnoll completely misses you.
The gnoll sergeant hits you but does no damage.
The vampire casts a spell.
The vampire flickers and vanishes for a moment.
The gnoll closely misses you. The gnoll hits you but does no damage.
The gnoll sergeant closely misses you.
The vampire gestures at you while chanting.
You are more confused.
The gnoll closely misses you.
In your confused state, you trip and fall back down the stairs.
The gnoll hits you from afar with a +0 halberd!
* * * LOW HITPOINT WARNING * * *
The gnoll sergeant barely misses you.
The vampire hits you but does no damage.
The vampire bites you!
* * * LOW HITPOINT WARNING * * *
The vampire draws strength from your injuries!
The gnoll hits you from afar with a +0 halberd!
You die...

# # #.#.
....##
..)..#######
#.gg....#
#.ggV@..#
#.......g))..#
#.....########
#....# .....
.... #.. #..


You could see a vampire (invisible), a gnoll sergeant and 4 gnolls.

Vanquished Creatures
  5 yaks (D:5)
  2 steam dragons (D:8)
  An acid dragon (D:8)
  A water moccasin (D:7)
  2 orc warriors
  A black bear (D:6)
  2 ice beasts
  3 ogres
  5 centaurs
  A bullfrog (D:6)
  A water moccasin zombie (D:6)
  2 scorpions (D:6)
  2 howler monkeys (D:8)
  2 centaur zombies
  2 hounds (D:6)
  A jelly (D:7)
  3 orc priests
  A gnoll shaman (D:6)
  Natasha (twice) (D:2)
  7 orc wizards
  A scorpion zombie (D:5)
  2 hound skeletons (D:4)
  7 gnolls
  8 adders
  A white imp (D:7)
  An ufetubus (D:5)
  3 worms
  2 dart slugs
  23 orcs
  2 ball pythons (D:3)
  4 endoplasms
  2 giant cockroaches (D:1)
  3 hobgoblins
  7 jackals
  8 kobolds
  5 quokkas
  A bat (D:2)
  3 frilled lizards
  5 goblins
  12 rats
  A spectral hobgoblin (D:1)
147 creatures vanquished.

Vanquished Creatures (others)
  6 withered plants (D:4)
6 creatures vanquished.

Grand Total: 153 creatures vanquished

Notes
Turn   | Place    | Note
-------+----------+-------------------------------------------
     0 | D:1      | robertstho the Draconian Berserker began the quest for the
                  | Orb.
     0 | D:1      | Reached XP level 1. HP: 19/19 MP: 1/1
    41 | D:1      | Found a faded altar of an unknown god.
    98 | D:1      | Reached XP level 2. HP: 18/26 MP: 2/2
  1137 | D:2      | Reached XP level 3. HP: 33/33 MP: 3/3
  1370 | D:2      | Reached ** piety under Trog
  1757 | D:2      | Reached XP level 4. HP: 40/40 MP: 4/4
  1959 | D:2      | Noticed Natasha
  1971 | D:2      | Killed Natasha
  1972 | D:2      | Reached skill level 4 in Axes
  2145 | D:2      | Noticed Natasha
  2158 | D:2      | Killed Natasha
  2159 | D:2      | Reached XP level 5. HP: 46/46 MP: 5/5
  3035 | D:4      | Reached skill level 1 in Stealth
  3039 | D:4      | Found a runed translucent gate.
  3516 | D:4      | Reached XP level 6. HP: 53/53 MP: 6/6
  3519 | D:4      | Noticed an orc warrior
  3524 | D:4      | Reached *** piety under Trog
  3530 | D:4      | Killed an orc warrior
  3531 | D:4      | Reached skill level 5 in Fighting
  3531 | D:4      | Reached skill level 5 in Axes
  3644 | D:4      | Found a runed translucent gate.
  3644 | D:4      | Found a runed translucent gate.
  3646 | D:4      | Noticed pokeman's ghost (amateur DEWz)
  3646 | D:4      | Noticed SirDiesAlot's ghost (weakling MiDe)
  3951 | D:5      | Entered Level 5 of the Dungeon
  4011 | D:5      | Noticed an ice beast
  4032 | D:5      | Killed an ice beast
  4033 | D:5      | Your scales start taking on an icy white colour.
  4033 | D:5      | Reached XP level 7. HP: 44/61 MP: 7/7
  4033 | D:5      | Gained mutation: Your flesh is cold resistant. (rC+) [White
                  | Draconian growth]
  4259 | D:5      | Noticed a yak
  4260 | D:5      | Noticed a yak
  4260 | D:5      | Noticed a yak
  4261 | D:5      | Noticed a yak
  4262 | D:5      | Noticed a yak
  4272 | D:5      | Killed a yak
  4273 | D:5      | Reached skill level 6 in Axes
  4275 | D:5      | Killed a yak
  4276 | D:5      | Reached skill level 5 in Dodging
  4276 | D:5      | Killed a yak
  4277 | D:5      | Reached XP level 8. HP: 35/71 MP: 8/8
  4281 | D:5      | Reached skill level 7 in Axes
  5120 | D:6      | Found an opulent altar of Gozag.
  5311 | D:6      | Reached XP level 9. HP: 57/79 MP: 9/9
  5314 | D:6      | Reached skill level 8 in Axes
  5751 | D:7      | Found a staircase to the Ecumenical Temple.
  5805 | D:7      | Reached **** piety under Trog
  6011 | D:7      | Found a runed translucent gate.
  6011 | D:7      | Found a runed translucent gate.
  6013 | D:7      | Found a runed translucent gate.
  6013 | D:7      | Noticed a red ugly thing
  6015 | D:7      | Noticed Spaninq's ghost (novice FeTm)
  7208 | D:9      | Reached skill level 9 in Axes
  7223 | D:9      | Slain by a gnoll

Illustrated notes

Levels and vault maps discovered:
D:1:      ebering_hopf_link, layout_basic,
          dreamdust_ecumenical_altar_drowned_temple, moated_statue
D:2:      layout_basic, uniq_natasha
D:3:      layout_loops_corners
D:4:      layout_loops_cross, gammafunk_ghost_cemetery
D:5:      layout_basic
D:6:      layout_loops_ring, nicolae_overflow_hidden_temple
D:7:      layout_basic, minmay_temple_entry_waves, gammafunk_ghost_split
D:8:      layout_basic
D:9:      layout_rooms, hiddenorc1_lemuel, biasface_ghost_orc_armoury,
          serial_shops, nicolae_lakefront_shop

Skill      XL: |  1  2  3  4  5  6  7  8  9 |
---------------+----------------------------+-----
Dodging        | 3 4 5 6 7 |  7.9
Fighting       | 4 5 6 7 8 |  8.6
Axes           | 4 5 6 7 9 |  9.0
Stealth        | 1 2 |  2.2

Action                   |  1- 3 |  4- 6 |  7- 9 || total
-------------------------+-------+-------+-------++-------
Melee: Hand axe          |   142 |   175 |   296 ||   613
       Tailslap          |    13 |    20 |    59 ||    92
Invok: Berserk           |     2 |     5 |     7 ||    14
 Abil: Breathe Frost     |       |       |     2 ||     2
  Use: Scroll            |       |     5 |       ||     5
 Stab: Sleeping          |     1 |     1 |     1 ||     3
Armor: Skin              |    47 |    63 |   139 ||   249
Dodge: Dodged            |    99 |    86 |   246 ||   431
Block: Kite shield       |       |       |    10 ||    10

Table legend: (Time is in decaauts)
 A = Elapsed time spent in this place.
 B = Non-inter-level travel time spent in this place.
 C = Inter-level travel time spent in this place.
 D = Time resting spent in this place.
 E = Time spent auto-exploring this place.
 F = Levels seen in this place.
 G = Mean time per level.
                   A        B        C        D        E       F      G
               +--------+--------+--------+--------+--------+-----+--------+
         Total |   7351 |   6999 |    352 |    604 |   5151 |   9 |  816.8 |
       Dungeon |   7351 |   6999 |    352 |    604 |   5151 |   9 |  816.8 |
               +--------+--------+--------+--------+--------+-----+--------+

Top non-repeatable levels by time:
     D:1: 1158 daAuts
     D:4: 1155 daAuts
     D:2: 1101 daAuts
     D:8: 879 daAuts
     D:5: 862 daAuts
     D:3: 826 daAuts
     D:7: 740 daAuts
     D:6: 600 daAuts
     D:9: 26 daAuts
